 Dungeon Crawl Stone Soup version 0.27-a0-1555-g0e7b3fb1d2 (webtiles) character file.

Game seed: 2433725958924712563

190 Sin92 the Skirmisher (level 5, 0/37 HPs)
             Began as a Demonspawn Fighter on July 14, 2021.
             Slain by Sigmund (1 damage)
             ... on level 3 of the Dungeon.
             The game lasted 00:03:21 (2881 turns).

Sin92 the Skirmisher (Demonspawn Fighter)           Turns: 2881, Time: 00:03:21

Health: 0/37       AC:  9    Str: 15 (18) XL:     5   Next: 41%
Magic:  5/5        EV:  4    Int:  6 (9)  God:
Gold:   53         SH:  8    Dex: 11 (12) Spells: 4/4 levels left

rFire    . . .     SeeInvis .   a - +1 war axe
rCold    + . .     Faith    .   c - +0 kite shield
rNeg     . . .     Spirit   .   h - +4 chain mail {rC+}
rPois    .         Reflect  .   (helmet restricted)
rElec    .         Harm     .   (no cloak)
rCorr    .         Rampage  .   (no gloves)
Will     .....                  (no boots)
Stlth    ..........             (no amulet)
HPRegen  0.12/turn              (no ring)
MPRegen  0.09/turn              (no ring)

@: no status effects
A: antennae 1, powered by death 2, powered by pain 1, deformed body, frail 1
a: no special abilities


You were on level 3 of the Dungeon.
You visited 1 branch of the dungeon, and saw 3 of its levels.

You collected 53 gold pieces.

Inventory:

Hand Weapons
 a - a +1 war axe (weapon)
Armour
 b - a +0 scale mail
 c - a +0 kite shield (worn)
 h - a +4 chain mail of cold resistance (worn)
Wands
 f - a wand of polymorph (3)
Scrolls
 e - a scroll of teleportation {unknown}
 g - a scroll of amnesia {unknown}


   Skills:
 + Level 3.7 Fighting
 * Level 3.3 Axes
 + Level 3.3 Armour
 + Level 1.6 Dodging
 + Level 3.2 Shields


You had 4 spell levels left.
You didn't know any spells.
Your spell library was empty.

Dungeon Overview and Level Annotations

Branches:
Dungeon (3/15)

Altars:

Shops:
D:1 :

Annotations:
D:3 Sigmund


Innate Abilities, Weirdness & Mutations

You have a pair of small antennae on your head.
You regenerate health from kills.
You sometimes gain a little power by taking damage.
Armour fits poorly on your strangely shaped body.
You are frail. (-10% HP)


Message History

You closely miss something.
Your shield and chain mail prevent you from hitting the endoplasm.
The endoplasm freezes you.
You are frozen.
You resist. Something hits you.
The endoplasm hits you but does no damage.
You hear some strange, mumbled words.
You are confused.
You bump into the rock wall.
The endoplasm freezes you.
You are frozen.
You resist. Something hits you but does no damage.
You bump into the rock wall.
The endoplasm hits you but does no damage.
Something hits you but does no damage.
You miss something. You hit the endoplasm but do no damage.
The endoplasm hits you but does no damage.
You hear some strange, mumbled words.
A puff of flame appears from out of thin air!
The puff of flame hits you.
You closely miss something. You barely miss the endoplasm.
The endoplasm hits you but does no damage.
You hear some strange, mumbled words.
A magic dart appears from out of thin air!
The magic dart hits you. The endoplasm freezes you.
You are frozen.
You resist.
You hear a zap.
A puff of flame appears from out of thin air!
The puff of flame hits you.
You hear a zap.
A puff of flame appears from out of thin air!
The puff of flame hits you.
You bump into the rock wall.
You feel less confused. The endoplasm freezes you.
You are frozen.
You resist. Something hits you!
* * * LOW HITPOINT WARNING * * *
You hear some strange, mumbled words.
Something tries to affect you, but you resist.
Something hits you.
You die...

# .# ##..# ..#.##.
###.......
#.....)...
#.@.......
##J........ #####
#.{........ ....##
####....#####.
.....## #.)'....#
.>....#####.##....#
....♣........'....#
......#####.##....#
♣.♣...#
#.J.........


You could see an endoplasm.

Vanquished Creatures
  Terence (D:2)
  Natasha (thrice) (D:2)
  Robin (D:2)
  A gnoll (D:1)
  An adder (D:2)
  4 dart slugs
  4 endoplasms
  13 goblins
  4 hobgoblins
  3 jackals (D:1)
  A quokka (D:1)
  5 ball pythons
  3 bats
  A frilled lizard (D:2)
  5 kobolds
  3 rats
53 creatures vanquished.

Vanquished Creatures (others)
  2 demonic plants (D:1)
  3 fungi (D:1)
  A plant (D:1)
6 creatures vanquished.

Grand Total: 59 creatures vanquished

Notes
Turn   | Place    | Note
-------+----------+-------------------------------------------
     0 | D:1      | Sin92 the Demonspawn Fighter began the quest for the Orb.
     0 | D:1      | Reached XP level 1. HP: 18/18 MP: 1/1
    83 | D:1      | Gained mutation: You sometimes gain a little power by
                  | taking damage. [demonic ancestry]
    83 | D:1      | Reached XP level 2. HP: 7/24 MP: 2/2
   541 | D:1      | Found a faded altar of an unknown god.
   725 | D:1      | Found Ytorchet's Book Emporium.
  1052 | D:1      | Gained mutation: You regenerate a little health from kills.
                  | [demonic ancestry]
  1052 | D:1      | Reached XP level 3. HP: 28/29 MP: 3/3
  1412 | D:2      | Noticed Terence
  1614 | D:2      | Gained mutation: Armour fits poorly on your strangely
                  | shaped body. [potion of mutation]
  1614 | D:2      | Gained mutation: You are frail. (-10% HP) [potion of
                  | mutation]
  1628 | D:2      | Killed Terence
  1629 | D:2      | Reached skill level 1 in Dodging
  1714 | D:2      | Noticed Natasha
  1728 | D:2      | Gained mutation: You have a pair of small antennae on your
                  | head. [demonic ancestry]
  1728 | D:2      | Reached XP level 4. HP: 7/31 MP: 4/4
  1729 | D:2      | Killed Natasha
  2344 | D:2      | Noticed Natasha
  2351 | D:2      | Killed Natasha
  2625 | D:2      | Noticed Natasha
  2637 | D:2      | Killed Natasha
  2638 | D:2      | Gained mutation: You regenerate health from kills. [demonic
                  | ancestry]
  2638 | D:2      | Reached XP level 5. HP: 28/36 MP: 5/5
  2703 | D:3      | Noticed Robin
  2714 | D:2      | Killed Robin
  2864 | D:3      | Noticed Sigmund
  2879 | D:3      | HP: 1/37 [something (11)]
  2881 | D:3      | Slain by Sigmund

Illustrated notes

Levels and vault maps discovered:
D:1:      wander_arrival_fairy_ring, layout_loops_ring, serial_shops, shop,
          shapermc_ecumenical_altar_gd
D:2:      layout_loops_cross, uniq_natasha, uniq_terence
D:3:      layout_basic, grunt_ministairs_10, uniq_sigmund, uniq_robin

Skill      XL: |  1  2  3  4 |
---------------+-------------+-----
Axes           | 2 3 |  3.3
Armour         | 3 |  3.3
Dodging        | 1 |  1.6
Shields        | 3 |  3.2
Fighting       | |  3.7

Action                   |  1- 3 |  4- 6 || total
-------------------------+-------+-------++-------
Melee: War axe           |    78 |    52 ||   130
       Unarmed           |    13 |       ||    13
  Use: Potion            |     2 |     1 ||     3
       Scroll            |     1 |       ||     1
 Stab: Confused          |     1 |       ||     1
Armor: Scale mail        |    31 |       ||    31
       Chain mail        |     8 |    35 ||    43
Dodge: Dodged            |    31 |    18 ||    49
Block: Kite shield       |    46 |    22 ||    68

Table legend: (Time is in decaauts)
 A = Elapsed time spent in this place.
 B = Non-inter-level travel time spent in this place.
 C = Inter-level travel time spent in this place.
 D = Time resting spent in this place.
 E = Time spent auto-exploring this place.
 F = Levels seen in this place.
 G = Mean time per level.
                   A        B        C        D        E       F      G
               +--------+--------+--------+--------+--------+-----+--------+
         Total |   2945 |   2926 |     19 |    823 |   1452 |   3 |  981.7 |
       Dungeon |   2945 |   2926 |     19 |    823 |   1452 |   3 |  981.7 |
               +--------+--------+--------+--------+--------+-----+--------+

Top non-repeatable levels by time:
     D:2: 1527 daAuts
     D:1: 1242 daAuts
     D:3: 175 daAuts
